 Dungeon Crawl Stone Soup version 0.27-a0-760-gc38aae387d (webtiles) character file.

Game seed: 16023305179808408943

48 funkygono the Magician (level 3, -6/25 HPs)
             Began as a Djinni Fire Elementalist on Mar 25, 2021.
             Killed by divine providence
             ... invoked by an orc priest
              (14 damage)
             ... on level 3 of the Dungeon.
             The game lasted 00:04:01 (2866 turns).

funkygono the Magician (Djinni Fire Elementalist)   Turns: 2866, Time: 00:04:02

Health: -6/25      AC:  6    Str:  7    XL:     3   Next: 72%
Gold:   70         EV: 12    Int: 17    God:
                   SH:  0    Dex: 13

rFire    + + .     SeeInvis .   d - +0 dagger
rCold    x . .     Faith    .   (no shield)
rNeg     . . .     Spirit   .   c - +2 robe {Will+}
rPois    ∞         Reflect  .   i - +1 helmet
rElec    .         Harm     .   (no cloak)
rCorr    .         Rampage  .   (no gloves)
Will     +....                  (boots unavailable)
Stlth    ++........             (no amulet)
HPRegen  0.08/turn              (no ring)
MPRegen  0.00/turn              (no ring)

@: flying
A: fire resistance 2, cold vulnerability 1, float, innate caster, hp casting,
extra vitality 1
a: no special abilities


You were on level 3 of the Dungeon.
You visited 1 branch of the dungeon, and saw 3 of its levels.

You collected 70 gold pieces.

Inventory:

Hand Weapons
 d - a +0 dagger (weapon)
Armour
 b - a +0 scale mail
 c - a +2 robe of willpower (worn)
 i - a +1 helmet (worn)
Potions
 a - a potion of resistance {unknown}
 e - a potion of degeneration {unknown}
 f - a potion of magic
 g - 3 potions of cancellation
 h - 2 potions of lignification {unknown}


   Skills:
 + Level 2.2 Dodging
 + Level 1.7 Stealth
 * Level 3.8 Spellcasting


You couldn't memorise any spells.
You knew the following spells:

 Your Spells              Type           Power      Damage    Failure   Level
a - Foxfire               Conj/Fire      64%        2x1d7     3%          1
b - Conjure Flame         Conj/Fire      16%        6-21      10%         3
c - Inner Flame           Hex/Fire       16%        N/A       10%         3
d - Sticky Flame          Conj/Fire      16%        2d4       32%         4
e - Fireball              Conj/Fire      8%         3d6       65%         5
f - Animate Skeleton      Necr           32%        N/A       3%          1
Your spell library was empty.

Dungeon Overview and Level Annotations

Branches:
Dungeon (3/15)

Altars:
Makhleb

Shops:
D:2 ((


Innate Abilities, Weirdness & Mutations

You are immune to poison.
Your flesh is very heat resistant. (rF++)
You are vulnerable to cold. (rC-)
You float through the air rather than walking.
You learn spells naturally, not from books.
Your magical power is your life essence.
You have superior vitality. (+4 HP)


Message History

The foxfire hits the orc.
The orc is heavily wounded.
The orc misses you.
Casting: Foxfire (safe; 3% risk of failure)
Confirm with . or Enter, or press ? or * to list all spells.
You conjure some foxfire!
The orc misses you.
Unknown command.
Casting: Foxfire (safe; 3% risk of failure)
Confirm with . or Enter, or press ? or * to list all spells.
There is not enough space to conjure foxfire!
Unknown command.
Casting: Foxfire (safe; 3% risk of failure)
Confirm with . or Enter, or press ? or * to list all spells.
There is not enough space to conjure foxfire!
Unknown command.
Your foxfire dissipates!
The foxfire hits the orc but does no damage.
The orc is moderately wounded.
The orc hits you with a +0 flail of protection.
The orc priest looks encouraged for a moment.
The orc priest calls upon Beogh to heal the orc.
The orc's wounds heal themselves!
You hear a shout!
The orc priest looks satisfied for a moment.
The orc priest mumbles some strange prayers to Beogh against you.
Beogh smites you!
Casting: Foxfire (safe; 3% risk of failure)
Confirm with . or Enter, or press ? or * to list all spells.
You conjure some foxfire!
The foxfire hits the orc but does no damage.
The orc is moderately wounded.
Your foxfire dissipates!
The orc hits you with a +0 flail of protection.
* * * LOW HITPOINT WARNING * * *
It was a potion of magic.
Magic courses through your body. The orc closely misses you.
The orc priest calls down the wrath of Beogh upon you.
Beogh smites you!
Ouch! That really hurt!
You die...

....... .......
############
.......
...........#
.......
##########.#
#......### # #.#
......... #
#.#######
........# #
#......@#
......ow# #
#######.#
.....<#.#
#######
#o############.#
......#
#o##o....o.w.w.#
....#.
#.##.###########
###.# #.##.#
.##.# #.o.o#
.##.# ######
....#


You could see an orc priest and 2 orcs.

Vanquished Creatures
  A dart slug (D:1)
  5 ball pythons
  5 endoplasms
  3 hobgoblins
  5 jackals
  A quokka (D:1)
  5 bats
  3 frilled lizards (D:1)
  3 goblins
  5 kobolds (D:1)
  6 rats
42 creatures vanquished.

Vanquished Creatures (collateral kills)
  2 foxfires (D:1)
2 creatures vanquished.

Vanquished Creatures (others)
  96 foxfires
  A plant (D:1)
97 creatures vanquished.

Grand Total: 141 creatures vanquished

Notes
Turn   | Place    | Note
-------+----------+-------------------------------------------
     0 | D:1      | funkygono the Djinni Fire Elementalist began the quest for
                  | the Orb.
     0 | D:1      | Reached XP level 1. HP: 15/15 MP: 0/0
   357 | D:1      | Reached skill level 3 in Spellcasting
   404 | D:1      | Reached XP level 2. HP: 18/21 MP: 0/0
   819 | D:1      | Reached XP level 3. HP: 17/25 MP: 0/0
   819 | D:1      | Learned a level 1 spell: Animate Skeleton
  1994 | D:2      | Found Inim's Weapon Emporium.
  2003 | D:2      | Found Raril's Weapon Shop.
  2522 | D:2      | Found a burning altar of Makhleb.
  2866 | D:3      | Killed from afar by an orc priest

Illustrated notes

Levels and vault maps discovered:
D:1:      onia_arrival_pyramid, layout_basic, st_stairs_14, serial_bayou_pond_b
D:2:      layout_basic, general_overflow_altar, serial_shops,
          nicolae_shop_waterfront, nicolae_shop_trees
D:3:      layout_basic, uniq_terence

Skill      XL: |  1 |
---------------+----+-----
Spellcasting   | 3 |  3.8
Dodging        | |  2.2
Stealth        | |  1.7

Action                   || total
-------------------------++-------
 Cast: Foxfire           ||    58
       Animate Skeleton  ||     8
  Use: Scroll            ||     4
       Potion            ||     1
Armor: Robe              ||     7
Dodge: Dodged            ||    22

Table legend: (Time is in decaauts)
 A = Elapsed time spent in this place.
 B = Non-inter-level travel time spent in this place.
 C = Inter-level travel time spent in this place.
 D = Time resting spent in this place.
 E = Time spent auto-exploring this place.
 F = Levels seen in this place.
 G = Mean time per level.
                   A        B        C        D        E       F      G
               +--------+--------+--------+--------+--------+-----+--------+
         Total |   2865 |   2726 |    139 |    276 |   2119 |   3 |  955.0 |
       Dungeon |   2865 |   2726 |    139 |    276 |   2119 |   3 |  955.0 |
               +--------+--------+--------+--------+--------+-----+--------+

Top non-repeatable levels by time:
     D:1: 1799 daAuts
     D:2: 804 daAuts
     D:3: 260 daAuts
